 Dungeon Crawl Stone Soup version 0.27-a0-1228-gfd60fd639a (webtiles) character file.

Game seed: 8944046500270783858

2649 Zonian the Conjurer (level 9, -1/65 HPs)
             Began as a Human Conjurer on June 8, 2021.
             Was an Elder of Elyvilon.
             Slain by a water moccasin (4 damage)
             ... on level 7 of the Dungeon.
             The game lasted 00:17:36 (9201 turns).

Zonian the Conjurer (Human Conjurer)                Turns: 9201, Time: 00:17:36

Health: -1/65      AC:  5    Str:  9    XL:     9   Next: 93%
Magic:  1/16       EV: 13    Int: 25    God:    Elyvilon [****..]
Gold:   212        SH:  0    Dex: 13    Spells: 11/18 levels left

rFire    . . .     SeeInvis .   x - +6 war axe (freeze)
rCold    + . .     Faith    .   (no shield)
rNeg     . . .     Spirit   .   e - +1 troll leather armour {Purgy}
rPois    .         Reflect  .   (no helmet)
rElec    .         Harm     .   (no cloak)
rCorr    .         Rampage  .   (no gloves)
Will     .....                  (no boots)
Stlth    +++.......             p - amulet of magic regeneration
HPRegen  1.20/turn              f - ring of protection from cold
MPRegen  0.40/turn              k - +6 ring of intelligence

@: no status effects
A: no striking features
a: Renounce Religion, Lesser Healing, Heal Other, Purification, Greater Healing,
Divine Protection


You were on level 7 of the Dungeon.
You worshipped Elyvilon.
Elyvilon was greatly pleased with you.
You visited 1 branch of the dungeon, and saw 7 of its levels.

You collected 212 gold pieces.

Inventory:

Hand Weapons
 c - a +2 dagger of speed
 m - a +0 quarterstaff of freezing
 x - a +6 war axe of freezing (weapon)
Missiles
 t - 4 boomerangs of dispersal
 v - 37 sling bullets
Armour
 a - a +0 robe
 e - a +1 troll leather armour (worn) {Purgy}
Jewellery
 f - a ring of protection from cold (left hand)
 k - a +6 ring of intelligence (right hand)
 p - an amulet of magic regeneration (around neck)
 u - an amulet of guardian spirit
 y - a ring of positive energy
 D - a ring of protection from fire
Wands
 d - a wand of mindburst (13)
Scrolls
 b - 4 scrolls of teleportation
 o - a scroll of blinking
 q - a scroll of amnesia
 r - a scroll of magic mapping
 C - a scroll of vulnerability {unknown}
Potions
 g - a potion of degeneration
 h - 3 potions of lignification
 i - a potion of attraction
 j - a potion of berserk rage {unknown}
 l - 3 potions of curing
 n - 3 potions of brilliance
 s - a potion of mutation {unknown}
 w - a potion of invisibility {unknown}
 z - a potion of resistance {unknown}
 A - 2 potions of heal wounds {unknown}
 B - a potion of might {unknown}


   Skills:
 + Level 3.8 Fighting
 - Level 3.7 Short Blades
 + Level 2.1 Axes
 - Level 0.5 Armour
 + Level 4.5 Dodging
 + Level 4.9 Stealth
 + Level 5.1 Spellcasting
 + Level 6.8 Conjurations
 + Level 3.4 Translocations
 + Level 4.1 Invocations


You had 11 spell levels left.
You knew the following spells:

 Your Spells              Type           Power      Damage    Failure   Level
a - Magic Dart            Conj           100%       1d8       1%          1
b - Searing Ray           Conj           80%        3d6       1%          2
c - Iskenderun's Mystic   Conj/Tloc      32%        2d8       13%         4

Your spell library contained the following spells:

 Spells                   Type           Power      Damage    Failure   Level
 Apportation              Tloc           46%        N/A       2%          1
 Lesser Beckoning         Tloc           11%        N/A       8%          3
 Dazzling Flash           Conj/Hex       46%        N/A       9%          3
 Stone Arrow              Conj/Erth      46%        3d9       9%          3
 Sandblast                Erth           12%        2d6       11%         1
 Passwall                 Tmut/Erth      5%         N/A       17%         2
 Fulminant Prism          Conj/Hex       11%        3d9       26%         4
 Tukima's Dance           Hex            6%         N/A       32%         3
 Petrify                  Tmut/Erth      6%         N/A       73%         4
 Alistair's Intoxication  Tmut/Pois      4%         N/A       97%         5
 Lee's Rapid Deconstruct  Erth           3%         3d6*      97%         5
 Invisibility             Hex            3%         N/A       100%        6


Dungeon Overview and Level Annotations

Branches:
Dungeon (7/15)             Temple (0/1) D:4

Altars:
Elyvilon
Qazlal

Shops:
D:5 =


Message History

* * * LOW HITPOINT WARNING * * *
Unknown command.
You struggle against the net.
The gnoll hits you with a +0 flail.
* * * LOW HITPOINT WARNING * * *
The wyvern skeleton bites you.
* * * LOW HITPOINT WARNING * * *
Unknown command.
You are healed.
The wyvern skeleton bites you!
* * * LOW HITPOINT WARNING * * *
The gnoll hits you but does no damage.
Aiming: Mindburst
Press: ? - help, Shift-Dir - straight line, f - gnoll, p - wyvern skeleton
Aim: a gnoll, wielding a +0 flail and quivering a throwing net (almost dead, chance to affect: 73%)
The gnoll's mind is blasted!
You blow up the gnoll!
The water moccasin hisses angrily.
The wyvern skeleton barely misses you. The wyvern skeleton bites you!
* * * LOW HITPOINT WARNING * * *
You shred the net and break free! The wyvern skeleton misses you.
Casting: Magic Dart (safe; 1% risk of failure)
Confirm with . or Enter, or press ? or * to list all spells.
Aiming: Searing Ray (safe; 1% risk of failure)
Press: ? - help, Shift-Dir - straight line, f - wyvern skeleton
Aim: a wyvern skeleton (severely damaged, 98% to hit)
The searing ray hits the wyvern skeleton!
The wyvern skeleton is almost destroyed.
The searing ray hits the water moccasin!
The water moccasin is heavily wounded. (Press . to maintain the ray.)
You slash the water moccasin!
The water moccasin seems to slow down.
You freeze the water moccasin.
The water moccasin is almost dead.
The water moccasin is no longer moving slowly.
The water moccasin bites you!
* * * LOW HITPOINT WARNING * * *
The wyvern skeleton barely misses you.
You closely miss the water moccasin.
The water moccasin is almost dead.
You hit the wyvern skeleton. The water moccasin bites you.
You die...

#..........#.#
#..........#.#
#......)...#.#
#..........#.#
#########..#.# ##)#.#
#.).##########
##SZ....)....#
########@.########.#
.....†....##.......#
.........>##.......######
..........##.......#.....
..........########.#.....
..........# #.#.....
###(......# #.'.....
#.......# ###.....
#.......# #.....


You could see a water moccasin and a wyvern skeleton.

Vanquished Creatures
  Grinder (D:3)
  2 water moccasins
  A black bear (D:6)
  Purgy (D:3)
  An orc warrior (D:4)
  An ice beast (D:6)
  5 ogres
  3 scorpions
  A gnoll sergeant (D:7)
  2 water moccasin skeletons
  An electric eel (D:6)
  4 wights (D:6)
  2 howler monkeys
  A centaur zombie (D:5)
  3 orc priests (D:5)
  3 hounds (D:5)
  A centaur skeleton (D:7)
  A gnoll shaman (D:5)
  A jelly (D:6)
  3 iguanas (D:5)
  Ijyb (D:3)
  Terence (D:3)
  3 orc wizards (D:4)
  A scorpion zombie (D:5)
  A hound skeleton (D:4)
  18 gnolls
  4 adders
  3 worms (D:3)
  4 dart slugs
  13 orcs
  5 ball pythons
  3 endoplasms
  5 giant cockroaches
  3 goblins
  6 hobgoblins
  6 jackals
  8 kobolds
  4 quokkas
  8 bats
  7 frilled lizards
  6 rats
148 creatures vanquished.

Vanquished Creatures (others)
  5 plants
5 creatures vanquished.

Grand Total: 153 creatures vanquished

Notes
Turn   | Place    | Note
-------+----------+-------------------------------------------
     0 | D:1      | Zonian the Human Conjurer began the quest for the Orb.
     0 | D:1      | Reached XP level 1. HP: 13/13 MP: 3/3
   208 | D:1      | Reached XP level 2. HP: 18/19 MP: 0/5
   636 | D:1      | Found a faded altar of an unknown god.
   707 | D:1      | Became a worshipper of Elyvilon the Healer
   707 | D:1      | Reached * piety under Elyvilon
   844 | D:1      | Reached XP level 3. HP: 20/24 MP: 0/6
  1570 | D:2      | Reached XP level 4. HP: 30/30 MP: 3/7
  2071 | D:2      | Reached skill level 1 in Short Blades
  2156 | D:2      | Found a stormy altar of Qazlal.
  2567 | D:2      | Reached ** piety under Elyvilon
  3002 | D:3      | Learned a level 2 spell: Searing Ray
  3127 | D:3      | Noticed Terence
  3136 | D:3      | Killed Terence
  3137 | D:3      | Reached skill level 5 in Conjurations
  3137 | D:3      | Reached XP level 5. HP: 19/35 MP: 4/9
  3625 | D:3      | Noticed Purgy
  3629 | D:3      | Noticed Ijyb
  3634 | D:3      | Killed Purgy
  3635 | D:3      | Reached XP level 6. HP: 34/42 MP: 0/10
  3637 | D:3      | Killed Ijyb
  4361 | D:3      | Noticed Grinder
  4364 | D:3      | Paralysed by Grinder for 4 turns
  4370 | D:3      | Killed Grinder
  4371 | D:3      | Reached skill level 1 in Fighting
  4371 | D:3      | Reached skill level 1 in Invocations
  4371 | D:3      | Reached XP level 7. HP: 28/48 MP: 3/12
  5117 | D:4      | Learned a level 4 spell: Iskenderun's Mystic Blast
  5759 | D:4      | Reached skill level 1 in Translocations
  5844 | D:4      | Reached XP level 8. HP: 54/54 MP: 14/14
  6216 | D:4      | Found a staircase to the Ecumenical Temple.
  6393 | D:5      | Entered Level 5 of the Dungeon
  6397 | D:5      | Reached *** piety under Elyvilon
  6462 | D:5      | Reached skill level 6 in Conjurations
  7349 | D:5      | Reached XP level 9. HP: 62/62 MP: 10/15
  7858 | D:5      | Found Ruqeumisk's Jewellery Emporium.
  8198 | D:6      | Reached **** piety under Elyvilon
  8348 | D:6      | Reached skill level 1 in Axes
  8680 | D:6      | Reached skill level 5 in Spellcasting
  9200 | D:7      | HP: 1/65 [water moccasin (7)]
  9201 | D:7      | Slain by a water moccasin

Illustrated notes

Levels and vault maps discovered:
D:1:      lightli_molten_gateway, layout_basic,
          shapermc_ecumenical_altar_mp_urbaneastern, nrook_uturn,
          kennysheep_pointless_box
D:2:      minmay_general_purpose_star, layout_rooms, basic_altar,
          minmay_split_cup_small
D:3:      layout_loops_ring, uniq_terence, uniq_ijyb, uniq_grinder, uniq_purgy
D:4:      layout_loops_ring, temple_doors_e
D:5:      kennysheep_spiral_hall, layout_basic, minmay_shop_enchanted_jewellery
D:6:      layout_rooms, serial_bayou_ford_a
D:7:      layout_basic, nicolae_overflow_crystal_walls, uniq_crazy_yiuf_cottage

Skill      XL: |  1  2  3  4  5  6  7  8  9 |
---------------+----------------------------+-----
Short Blades   | 1 2 3 |  3.7
Conjurations   | 5 6 |  6.8
Spellcasting   | 3 4 5 |  5.1
Fighting       | 1 2 3 |  3.8
Invocations    | 1 2 3 4 |  4.1
Stealth        | 3 4 |  4.9
Dodging        | 3 4 |  4.5
Translocations | 1 2 3 |  3.4
Axes           | 2 |  2.1
Armour         | |  0.5

Action                   |  1- 3 |  4- 6 |  7- 9 || total
-------------------------+-------+-------+-------++-------
Melee: Dagger            |    12 |    22 |    84 ||   118
       War axe           |       |       |    28 ||    28
 Cast: Magic Dart        |    55 |    51 |   215 ||   321
       Searing Ray       |       |     8 |    24 ||    32
Invok: Heal Other        |       |     1 |     1 ||     2
       Lesser Healing    |       |       |     1 ||     1
Evoke: Wand              |       |       |     1 ||     1
  Use: Scroll            |       |    10 |    11 ||    21
       Potion            |       |     1 |     1 ||     2
 Stab: Sleeping          |       |     1 |       ||     1
Armor: Robe              |     1 |     7 |       ||     8
       Troll leather arm |       |       |    33 ||    33
Dodge: Dodged            |     9 |    21 |    64 ||    94

Table legend: (Time is in decaauts)
 A = Elapsed time spent in this place.
 B = Non-inter-level travel time spent in this place.
 C = Inter-level travel time spent in this place.
 D = Time resting spent in this place.
 E = Time spent auto-exploring this place.
 F = Levels seen in this place.
 G = Mean time per level.
                   A        B        C        D        E       F      G
               +--------+--------+--------+--------+--------+-----+--------+
         Total |   9166 |   9050 |    116 |   3527 |   4346 |   7 | 1309.4 |
       Dungeon |   9166 |   9050 |    116 |   3527 |   4346 |   7 | 1309.4 |
               +--------+--------+--------+--------+--------+-----+--------+

Top non-repeatable levels by time:
     D:3: 2010 daAuts
     D:5: 1622 daAuts
     D:2: 1556 daAuts
     D:1: 1427 daAuts
     D:4: 1363 daAuts
     D:6: 1021 daAuts
     D:7: 164 daAuts
